Get step-by-step instructions on how to execute this build order below. Start the game timer, and the build order will tick by so you can play in parallel with StarCraft on a second screen or mobile device.

Game Time

  0:00

Last Step

  N/A

Next Step

Upcoming Step



Don't want to look back and forth between 2 screens? Try out our Overwolf App, the Spawning Tool Build Advisor to get an in-game overlay with this build!

Complete Build Order

  12  0:00  Probe  
  13  0:12  Probe  
  14  0:19  Pylon  
  14  0:24  Probe (Chrono Boost)  
  15  0:37  Gateway, Probe (Chrono Boost)  
  16  0:45  Probe (Chrono Boost)  
  16  0:46  Assimilator  
  17  0:51  Probe  
  18  1:03  Probe  
  19  1:16  Probe  
  20  1:22  Nexus  
  20  1:31  Cybernetics Core  
  20  1:34  Probe  
  21  1:40  Assimilator  
  21  1:46  Probe  
  22  1:48  Pylon  
  22  1:58  Probe (Chrono Boost)  
  23  2:07  Adept  
  25  2:10  Probe (Chrono Boost)  
  25  2:11  Stargate  
  26  2:17  Probe (Chrono Boost)  
  26  2:20  Warp Gate  
  27  2:24  Probe (Chrono Boost)  
  28  2:35  Probe (Chrono Boost)  
  28  2:36  Probe (Chrono Boost)  
  30  2:37  Adept  
  30  2:43  Probe x2 (Chrono Boost)  
  34  2:48  Probe (Chrono Boost)  
  34  2:51  Probe  
  40  2:59  Void Ray (Chrono Boost)  
  40  3:00  Probe  
  40  3:03  Probe  
  42  3:06  Pylon  
  42  3:12  Probe  
  43  3:15  Probe  
  44  3:21  Gateway  
  44  3:24  Probe  
  44  3:26  Oracle (Chrono Boost)  
  45  3:27  Probe  
  49  3:36  Probe  
  49  3:40  Nexus  
  50  3:43  Probe  
  50  3:46  Pylon  
  52  3:48  Probe  
  52  3:51  Assimilator  
  52  3:54  Assimilator  
  52  3:55  Probe  
  52  4:01  Probe  
  54  4:08  Twilight Council, Probe  
  55  4:10  Forge  
  55  4:15  Probe  
  56  4:21  Robotics Facility  
  56  4:25  Probe  
  56  4:28  Probe  
  56  4:29  Adept  
  60  4:32  Pylon  
  60  4:37  Probe  
  61  4:42  Gateway  
  61  4:44  Gateway  
  61  4:46  Gateway, Probe (Chrono Boost)  
  61  4:48  Charge  
  61  4:50  Gateway, Protoss Ground Weapons Level 1 (Chrono Boost)  
  61  4:51  Probe (Chrono Boost)  
  63  4:54  Probe (Chrono Boost)  
  65  5:00  Probe (Chrono Boost)  
  65  5:02  Probe (Chrono Boost)  
  65  5:04  Probe (Chrono Boost)  
  65  5:05  Probe (Chrono Boost)  
  68  5:07  Probe (Chrono Boost)  
  68  5:09  Probe (Chrono Boost)  
  68  5:10  Templar Archives  
  68  5:14  Probe  
  70  5:15  Warp Prism (Chrono Boost)  
  70  5:17  Probe  
  70  5:20  Probe  
  75  5:24  Pylon  
  75  5:25  Stalker  
  75  5:26  Probe  
  78  5:32  Probe  
  75  5:35  Gateway  
  75  5:38  Zealot  
  75  5:39  Zealot, Gateway  
  79  5:43  Assimilator, Probe  
  79  5:45  Assimilator  
  79  5:48  Probe  
  81  5:57  High Templar x4, Probe  
  83  6:00  Gateway  
  83  6:02  Gateway, Archon x2  
  83  6:03  Pylon, Probe  
  91  6:06  Pylon  
  91  6:09  Observer  
  91  6:10  Probe  
  93  6:12  Pylon  
  93  6:16  Photon Cannon  
  93  6:17  Pylon  
  93  6:33  Zealot x8  
  109  6:41  Observer, Robotics Bay  
  109  6:43  Robotics Facility  
  106  6:54  High Templar x2, Zealot  
  106  6:55  Zealot x5  
  106  6:56  Zealot  
  106  6:59  Archon  
  106  7:00  Pylon  
  124  7:05  Pylon  
  124  7:06  Pylon  
  120  7:17  Pylon  
  118  7:23  Observer  
  118  7:28  Nexus, Colossus (Chrono Boost)  
  114  7:35  Colossus (Chrono Boost)  
  126  7:37  Probe  
  126  7:39  Extended Thermal Lance  
  126  7:40  Protoss Ground Weapons Level 2, Photon Cannon  
  126  7:54  High Templar x2, Zealot  
  126  7:55  Zealot x4, Probe  
  141  7:59  Archon  
  141  8:02  Probe  
  141  8:03  Zealot x3, Pylon  
  146  8:15  Colossus (Chrono Boost)  
  146  8:18  Pylon  
  146  8:19  Colossus (Chrono Boost)  
  144  8:26  Nexus  
  146  8:29  High Templar x2  
  146  8:33  Archon  
  144  8:35  Zealot x6  
  144  8:40  Probe x2  
  148  8:50  Probe  
  148  8:52  Probe  
  148  8:53  High Templar x2  
  148  8:55  Observer (Chrono Boost)  
  155  8:59  Zealot x6  
  161  9:07  Zealot x2  
  153  9:19  Zealot x6  
  129  9:33  High Templar x2  
  129  9:34  Zealot x2  
  137  9:38  Archon  
  137  9:45  Zealot x4  
  129  9:46  Probe x2  
  129  9:49  Probe  
  116  9:55  Probe  
  99  10:03  Zealot x2  
  99  10:05  Zealot x4  
  99  10:06  Zealot x2  
  107  10:08  Pylon  
  107  10:09  Zealot x5  
  107  10:10  Zealot  
  89  10:16  Probe  
  74  10:21  Probe x2  
  74  10:24  Colossus (Chrono Boost)  
  76  10:30  High Templar x2  
  76  10:31  High Templar x2, Zealot  
  76  10:34  Archon  
  76  10:35  Archon  
  86  10:37  High Templar x2  
  86  10:38  Zealot x2  
  88  10:44  Archon  
  88  10:46  Probe x4  
  90  10:55  Zealot x3  
  96  10:58  Pylon, Probe  
  82  11:04  High Templar x2  
  82  11:08  Probe x2  
  82  11:09  Archon  
  87  11:15  Zealot x3, Colossus (Chrono Boost)  
  93  11:20  Zealot  
  96  11:27  Zealot x2  
  96  11:32  Zealot  
  96  11:39  Probe x3  
  99  11:44  High Templar x2  
  101  11:48  Archon  
  101  11:53  Probe  
  102  11:54  Probe  
  102  11:59  Colossus (Chrono Boost)  
  109  12:08  Zealot x2  
  113  12:11  High Templar x2  
  113  12:12  Probe  
  113  12:13  Psionic Storm  
  113  12:14  Archon  
  118  12:18  Zealot x2  
  122  12:34  Zealot  
  124  12:42  Pylon  
  124  12:43  Pylon  
  124  12:51  Pylon  
  124  13:01  High Templar x4  
  132  13:06  Nexus  
  132  13:08  Pylon  
  132  13:09  Zealot x6  
  132  13:11  Warp Prism (Chrono Boost)  
  144  13:18  Probe  
  147  13:30  High Templar x2  
  151  13:34  Cybernetics Core, Archon  
  151  13:35  High Templar x2  
  151  13:38  Zealot  
  157  13:42  Pylon  
  157  13:43  Pylon  
  130  14:01  Zealot x6  
  108  14:15  Zealot x4  
  90  14:22  Zealot